AoeStats
← Ruzkiller

Arabia

509253364Analyzed
1v1 RM · 7d ago on Sep 26, 2026· 30m 57s· 2 players
Game mode
Random Map
Map size
Tiny (2 player)
Population
200
Speed
Normal
Resources
Standard
Victory
Conquest
Starting age
Dark Age
Ending age
Imperial Age
RankedLock teamsTeams togetherTeam positionsShared explorationLock speedFull tech treeHidden civsTurbo modeCheats
Victory
Defeat
🇲🇽 Mongols · Mexico
721
+16
🇨🇴 Turks · Colombia
720
-16
Ruzkiller
4:40 Loom
10:24 Feudal Age
18:51 Castle Age
17:51 Stone Mining
19:43 Double-Bit Axe
armandomihe
9:47 Feudal Age
11:10 Wheelbarrow
10:49 Double-Bit Axe
10:46 Horse Collar
14:51 Loom
17:21 Bloodlines
17:27 Scale Barding Armor
23:30 Castle Age
24:54 Hand Cart
24:04 Light Cavalry
25:48 Chain Barding Armor
26:42 Husbandry
27:08 Forging
Connection lost

Rejoining the realm…

Still unreachable

The connection could not be restored.

Session expired

The server has moved on; the page needs a fresh start.